 Dungeon Crawl Stone Soup version 0.17.1-3-g152610e (webtiles) character file.

212 Charly the Insei (level 5, -25/37 HPs)
             Began as a Demonspawn Transmuter on Apr 23, 2016.
             Was a Follower of Cheibriados.
             Annihilated by an ogre
             ... wielding a +0 giant spiked club
              (27 damage)
             ... on level 5 of the Dungeon.
             The game lasted 00:14:02 (876 turns).

Charly the Insei (Demonspawn Transmuter)             Turns: 876, Time: 00:14:04

Health: -25/37     AC:  2    Str: 14    XL:     5   Next: 58%
Magic:  6/8        EV: 20    Int: 18    God:    Cheibriados [*.....]
Gold:   92         SH:  0    Dex: 21    Spells: 3 memorised, 2 levels left

rFire  . . .     SeeInvis .       - Unarmed
rCold  . . .     Clarity  .     (armour currently unavailable)
rNeg   . . .     SustAt   .     (shield currently unavailable)
rPois  x         Gourm    .     (helmet currently unavailable)
rElec  .         Spirit   .     (cloak currently unavailable)
rCorr  .         Warding  .     (gloves currently unavailable)
rMut   .         Stasis   .     (boots currently unavailable)
MR     .....                    (no amulet)
Stlth  ++........               (no ring)
                                (no ring)

@: spider-form (expiring), very slow, not resistant to hostile enchantments,
unstealthy
A: (antennae 0), (spiny 0)
a: End Transformation, Bend Time, Renounce Religion


You were on level 5 of the Dungeon.
You worshipped Cheibriados.
Cheibriados was aware of your devotion.
You were not hungry.
You were a venomous arachnid creature.
You visited 1 branch of the dungeon, and saw 5 of its levels.

You collected 92 gold pieces.

Inventory:

Hand Weapons
 e - a +0 blowgun
Missiles
 a - 31 arrows
 m - 11 poisoned needles
Armour
 b - a +0 robe (melded)
Wands
 o - a wand of flame (25)
Scrolls
 g - a scroll of noise
 i - a scroll of remove curse
 k - a scroll of enchant armour {unknown}
 l - a scroll of random uselessness
 p - a scroll of blinking {unknown}
 q - a scroll of fog {unknown}
Potions
 f - a potion of cancellation {unknown}
 h - 3 potions of brilliance
 n - a potion of cure mutation {unknown}
Books
 c - a book of Changes

   Spells                             Type                      Level
   a - Beastly Appendage              Transmutation                1
   b - Sticks to Snakes               Transmutation                2
   c - Spider Form                    Transmutation/Poison         3
   d - Ice Form                       Ice/Transmutation            4
   e - Blade Hands                    Transmutation                5
Comestibles
 d - 3 bread rations


   Skills:
 - Level 1.0 Fighting
 - Level 1.7 Dodging
 + Level 5.0 Unarmed Combat
 - Level 2.0 Spellcasting
 - Level 3.2 Transmutations


You had 2 spell levels left.
You knew the following spells:

 Your Spells              Type           Power        Failure   Level  Hunger
b - Beastly Appendage     Trmt           ##....       17%         1    #......
s - Sticks to Snakes      Trmt           ##........   24%         2    ###....
S - Spider Form           Trmt/Pois      #.........   52%         3    ###....


Dungeon Overview and Level Annotations

Branches:
Dungeon (5/15)
 Temple: D:4-7

Altars:
Cheibriados
Fedhas
Xom

Annotations:
D:5 Blork the orc


Innate Abilities, Weirdness & Mutations

((You have a pair of antennae on your head.))
((You are partially covered in sharp spines.))


Message History

Read which item? (? for menu, Esc to quit)
As you read the scroll labeled DICUJU GARIETYESS, it crumbles to dust.
You feel blessed for a moment.
It was a scroll of remove curse.
An adder skeleton comes into view.
Read which item? (? for menu, Esc to quit)
As you read the scroll labeled IHOIR SI KAEP, it crumbles to dust.
The dust glows brilliant charcoal!
It was a scroll of random uselessness.
The ogre looks more healthy.
The ogre closely misses you.
The adder skeleton moves out of view.
The orc warrior hits you with a long sword!
* * * LOW HITPOINT WARNING * * *
An orc priest comes into view.
Read which item? (? for menu, Esc to quit)
As you read the scroll labeled DIUFRA YWUONKI, it crumbles to dust.
You feel aware of your surroundings.
You sensed 3 altars.
It was a scroll of magic mapping.
Your transformation is almost over.
The ogre hits you with a giant spiked club!!
Ouch! That really hurt!
You die...

,,,,,,,,,,** **,* *,,,,,,,*
,,,,,,,,,,o#**##!#*####.,***
,,,,,,,,,,,..,...##...$.,*
,,>,,,,,,,,,..#.......#,**
>,,,,,,,***,,.#...?...#,**##***
,,****,,*,*,,,........,,,,...{*
,,,,,,,,***,,,,.z...,,,,,,..Og###
,*****,,,,,,,**#Oo#,,*.....gg....
,* *,,,,,,,* #s.#*,,....[g.....
,* **,,,,,** ##.##**....g...#*#
** *,***** #..# *.......g# #
*******>* ##.# *.....g..# #
,,,,,**,* #.##*.(..gg.{# #
****,**,* #..##........# # *,,*,*
#...#......{<# # **,,,******
#...########## # **,,,,,*,**
###.#


You could see an orc warrior, an ogre, a wight and an orc priest.

Vanquished Creatures
  A scorpion (D:4)
  2 iguanas
  Natasha (twice) (D:4)
  A gnoll (D:4)
  2 adders
  2 oozes (D:2)
  A worm (D:4)
  2 giant geckos (D:3)
  2 orcs (D:3)
  A ball python (D:4)
  2 giant cockroaches (D:2)
  A goblin (D:3)
  3 hobgoblins
  5 kobolds
  3 bats
  A giant newt (D:1)
  4 rats
35 creatures vanquished.

Vanquished Creatures (collateral kills)
  A gnoll (D:5)
1 creature vanquished.

Grand Total: 36 creatures vanquished

Notes
Turn   | Place    | Note
--------------------------------------------------------------
     0 | D:1      | Charly the Demonspawn Transmuter began the quest for the Orb.
     0 | D:1      | Reached XP level 1. HP: 15/15 MP: 3/3
    94 | D:2      | Reached skill level 3 in Unarmed Combat
    94 | D:2      | Gained mutation: You are partially covered in sharp spines. [demonic ancestry]
    94 | D:2      | Reached XP level 2. HP: 1/21 MP: 5/5
    98 | D:2      | Learned a level 2 spell: Sticks to Snakes
   170 | D:3      | Found a shimmering altar of Xom.
   253 | D:2      | Found a snail-covered altar of Cheibriados.
   253 | D:2      | Found a blossoming altar of Fedhas.
   258 | D:2      | Became a worshipper of Cheibriados the Contemplative
   408 | D:3      | Gained mutation: You have a pair of small antennae on your head. [demonic ancestry]
   408 | D:3      | Reached XP level 3. HP: 26/26 MP: 6/6
   409 | D:3      | ofc
   409 | D:3      | FU
   409 | D:3      | FU
   409 | D:3      | FU
   409 | D:3      | FU
   409 | D:3      | FU
   409 | D:3      | FU
   409 | D:3      | FU
   409 | D:3      | WTF WITH THIS FUCKING MUT?
   409 | D:3      | HOW IS IT ANY USEFUL?
   454 | D:3      | Learned a level 3 spell: Spider Form
   605 | D:2      | Reached * piety under Cheibriados
   687 | D:4      | Gained mutation: You have a pair of antennae on your head. [demonic ancestry]
   687 | D:4      | Reached XP level 4. HP: 28/32 MP: 3/7
   688 | D:4      | KURWA W DUME JEBANA MAC
   697 | D:5      | Entered Level 5 of the Dungeon
   736 | D:4      | Noticed Natasha
   744 | D:4      | Killed Natasha
   744 | D:4      | Reached skill level 4 in Unarmed Combat
   764 | D:4      | Noticed a centaur
   772 | D:4      | Noticed a scorpion
   772 | D:4      | Noticed Natasha
   779 | D:4      | Killed a scorpion
   779 | D:4      | Reached XP level 5. HP: 10/37 MP: 8/8
   782 | D:4      | Killed Natasha
   823 | D:5      | Noticed an ogre
   847 | D:5      | Reached skill level 5 in Unarmed Combat
   872 | D:5      | Noticed an orc warrior
   873 | D:5      | Noticed Blork the orc
   876 | D:5      | Annihilated by an ogre

Action                   |  1- 3 |  4- 6 || total
-------------------------+-------+-------++-------
Melee: Unarmed           |    69 |    31 ||   100
 Cast: Beastly Appendage |     6 |       ||     6
       Sticks to Snakes  |     3 |     1 ||     4
       Spider Form       |     1 |     2 ||     3
Evoke: Wand              |       |     1 ||     1
  Use: Potion            |     2 |       ||     2
       Scroll            |       |     4 ||     4
 Stab: Sleeping          |     1 |       ||     1
  Eat: Pizza             |     1 |       ||     1
       Beef jerky        |       |     1 ||     1
